[Event "Titled Tuesday Blitz May 30 Early 2023"]
[White "Herzog2012"]
[Black "Goffredo_Fofi"]
[WhiteElo "2409"]
[BlackElo "2492"]
[Result "0-1"]
[Round "10"]
[TimeControl "180+2"]
[Date "2023.05.30"]
[WhiteClock "0:00:05"]
[BlackClock "0:00:08"]

1. e4 Nf6 2. e5 Nd5 3. c4 Nb6 4. d4 d6 5. exd6 cxd6 6. Nc3 g6 7. Bd3 Bg7 8. Nge2 O-O 9. O-O Nc6 10. d5 Nb4 11. b3 Nxd3 12. Qxd3 e6 13. dxe6 Bxe6 14. Nd4 d5 15. c5 Nd7 16. b4 a5 17. Bb2 axb4 18. Nce2 Nxc5 19. Qc2 Qb6 20. Rfc1 Na4 21. Rab1 Nxb2 22. Qxb2 Ra4 23. Qb3 Rfa8 24. Nxe6 fxe6 25. Rc8+ Rxc8 26. Qxa4 Qa6 27. Qd7 Qc6 28. Qe7 Bf8 29. Qf6 Re8 30. Re1 Bg7 31. Qf3 e5 32. Ng3 e4 33. Qf4 Bc3 34. Rd1 Be5 35. Qg5 d4 36. Qg4 Bg7 37. Re1 e3 38. fxe3 dxe3 39. Qe2 Bd4 40. Qd3 Qc3 41. Qe2 Kg7 42. Rd1 Bc5 43. h3 Re7 44. Kh2 Qe5 45. Rd4 Qxd4 46. Qf3 Qe5 47. Qg4 Bd6 48. h4 Qxg3+ 49. Qxg3 Bxg3+ 50. Kxg3 e2 51. h5 e1=Q+ 52. Kh3 Re3+ 53. Kh2 Qg3+ 54. Kg1 Re1# 0-1


[Site "https://www.chess.com"]

[Event "Titled Tuesday Blitz May 30 Early 2023"]
[White "Yurasova, Daria"]
[Black "Hajiyev, Kanan"]
[WhiteFideId "34146919"]
[BlackFideId "13404148"]
[WhiteElo "2109"]
[BlackElo "2103"]
[Result "0-1"]
[Round "10"]
[TimeControl "180+2"]
[Date "2023.05.30"]
[WhiteClock "0:00:15"]
[BlackClock "0:00:58"]

1. d4 a6 2. e4 b5 3. a4 Bb7 4. Bd3 Nf6 5. Nd2 c5 6. dxc5 e6 7. b4 bxa4 8. Ne2 a5 9. Rxa4 axb4 10. Rxb4 Qc7 11. O-O Bxc5 12. Rc4 d5 13. exd5 Bxd5 14. Rc3 O-O 15. Nb3 Nbd7 16. Be3 Bxb3 17. cxb3 Qb6 18. Bg5 Rac8 19. Qc1 Nd5 20. Rc4 Ne5 21. Bxh7+ Kxh7 22. Qb1+ f5 23. Rh4+ Kg8 24. Nf4 Nxf4 25. Bxf4 Ng6 0-1


[Site "https://www.chess.com"]

[Event "Titled Tuesday Blitz May 30 Early 2023"]
[White "LangesNasenhaar"]
[Black "Korpics, Zsolt"]
[BlackFideId "705241"]
[WhiteElo "2485"]
[BlackElo "2365"]
[Result "1-0"]
[Round "10"]
[TimeControl "180+2"]
[Date "2023.05.30"]
[WhiteClock "0:01:06"]
[BlackClock "0:00:01"]

1. d4 Nf6 2. Nc3 d5 3. Bf4 c5 4. e4 Nxe4 5. Nxe4 dxe4 6. dxc5 Qa5+ 7. c3 Qxc5 8. Qa4+ Nc6 9. Qxe4 g6 10. Nf3 Bg7 11. Rd1 O-O 12. Be3 Qa5 13. Bc4 Bf5 14. Qh4 Rad8 15. O-O Ne5 16. Nxe5 Qxe5 17. Bd4 Qc7 18. Bxg7 Kxg7 19. Bb3 Rxd1 20. Rxd1 Rd8 21. Re1 e5 22. Qg3 f6 23. Qe3 b6 24. h3 Qc5 25. Qe2 b5 26. Rd1 Rd6 27. Rxd6 Qxd6 28. Qxb5 Qd2 29. Bc4 e4 30. Bf1 e3 31. Qe2 exf2+ 32. Qxf2 Qd7 33. Qd4 Qb7 34. b4 Be6 35. a4 Bd7 36. b5 Be6 37. a5 Kf7 38. b6 a6 39. c4 Bc8 40. c5 Be6 41. Bc4 Qc6 42. Qd6 Qe4 43. Qxe6+ Qxe6 44. Bxe6+ Kxe6 45. b7 1-0


[Site "https://www.chess.com"]

[Event "Titled Tuesday Blitz May 30 Early 2023"]
[White "Avalos Parra, Joao"]
[Black "Santos Flores, Alberto"]
[WhiteFideId "3402541"]
[BlackFideId "3601234"]
[WhiteElo "2173"]
[BlackElo "2235"]
[Result "1-0"]
[Round "10"]
[TimeControl "180+2"]
[Date "2023.05.30"]
[WhiteClock "0:00:11"]
[BlackClock "0:00:00"]

1. d4 d5 2. c4 c6 3. Nf3 Nf6 4. Nc3 dxc4 5. a4 Bf5 6. Ne5 e6 7. e3 Bb4 8. Nxc4 Nbd7 9. Be2 O-O 10. O-O Bg6 11. a5 Qe7 12. Qb3 b5 13. axb6 axb6 14. Bd2 b5 15. Ne5 Nxe5 16. dxe5 Bxc3 17. Bxc3 Nd5 18. Rfc1 Qb7 19. Bd4 Rxa1 20. Rxa1 Ra8 21. Qd1 Ra6 22. Bc5 Qa8 23. Rxa6 Qxa6 24. b4 Qa3 25. f3 h6 26. Qd4 Qc3 27. Qxc3 Nxc3 28. Bf1 Bc2 29. Kf2 Bb3 30. Ke1 Nd5 31. e4 Nf4 32. g3 Ng6 33. Bd6 f6 34. exf6 gxf6 35. Kd2 Kf7 36. Kc3 Bd1 37. f4 Ke8 38. Kd4 Kd7 39. Kc5 Bf3 40. e5 fxe5 41. Bxe5 Nxe5 42. fxe5 Bd5 43. Be2 Ke7 44. Bh5 Kd7 45. h4 Ke7 46. Bg6 Kd7 47. g4 Ke7 48. g5 hxg5 49. hxg5 Bf3 50. Kb6 Bd5 51. Kc7 Bf3 52. Bd3 Kf7 53. Kd6 Bd5 54. Bc2 Kg7 55. Ke7 Bc4 56. Be4 Bd5 57. Bd3 Bc4 58. Be4 Bd5 59. Bb1 Bc4 60. Kd6 Bd5 61. Kc5 Kf7 62. Kd6 Kg7 63. Bc2 Kf7 64. Bh7 Kg7 65. Bd3 Kf7 66. Be2 Kg7 67. Bh5 Kh7 68. Be8 Kg7 69. Bxc6 Bxc6 70. Kxc6 Kg6 71. Kxb5 Kf5 72. Kc5 Kxe5 73. g6 Kf6 74. b5 Kxg6 75. b6 1-0


[Site "https://www.chess.com"]

[Event "Titled Tuesday Blitz May 30 Early 2023"]
[White "Heinemann, Josefine"]
[Black "Fajdetic, Hrvoje"]
[WhiteFideId "12900460"]
[BlackFideId "14501945"]
[WhiteElo "2342"]
[BlackElo "2185"]
[Result "0-1"]
[Round "10"]
[TimeControl "180+2"]
[Date "2023.05.30"]
[WhiteClock "0:00:46"]
[BlackClock "0:00:15"]

1. e4 e6 2. d4 d5 3. Nd2 dxe4 4. Nxe4 Nd7 5. Nf3 Ngf6 6. Nxf6+ Nxf6 7. g3 Bd6 8. Bg2 O-O 9. O-O Rb8 10. Ne5 Bxe5 11. dxe5 Nd7 12. Qe2 Qe7 13. Rd1 Rd8 14. Bf4 Nf8 15. Rxd8 Qxd8 16. Rd1 Bd7 17. Qe3 b6 18. Qa3 a5 19. h4 Qe8 20. Qc3 c5 21. Rd6 Ng6 22. Bc1 Ne7 23. Qd2 Bc6 24. c4 Bxg2 25. Kxg2 Nf5 26. Rd3 Qc6+ 27. Kg1 Nd4 28. Qf4 Ne2+ 29. Kf1 Nxf4 30. Bxf4 Qe4 31. Rd2 Qxc4+ 0-1


[Site "https://www.chess.com"]

[Event "Titled Tuesday Blitz May 30 Early 2023"]
[White "Rosenberg, Evan S"]
[Black "Zheenbekov, Nurgazy"]
[WhiteFideId "2019299"]
[BlackFideId "13800485"]
[WhiteElo "2321"]
[BlackElo "1975"]
[Result "1-0"]
[Round "10"]
[TimeControl "180+2"]
[Date "2023.05.30"]
[WhiteClock "0:00:33"]
[BlackClock "0:00:00"]

1. d4 Nf6 2. Bg5 e6 3. e4 h6 4. Bxf6 Qxf6 5. Nc3 b6 6. Qd2 Bb7 7. O-O-O g5 8. g3 Bg7 9. Bg2 Qe7 10. f4 d6 11. Nf3 g4 12. Ne1 Nd7 13. Kb1 O-O-O 14. a4 Kb8 15. a5 c5 16. e5 d5 17. Nb5 c4 18. Nd6 Bc6 19. Qb4 Kc7 20. c3 Bf8 21. Nc2 f5 22. Na3 Rb8 23. a6 Rd8 24. Rc1 Kb8 25. Naxc4 Ka8 26. Rc2 Nb8 27. Nxb6+ axb6 28. Qxb6 Rxd6 29. exd6 Qxd6 30. b4 Qd7 31. a7 Na6 32. Qxa6 Bb5 33. Qb6 Bd6 34. Bf1 Bxf1 35. Rxf1 h5 36. Ra2 h4 37. Ra6 hxg3 38. hxg3 1-0


[Site "https://www.chess.com"]

[Event "Titled Tuesday Blitz May 30 Early 2023"]
[White "Fan_Of_Chucky"]
[Black "rikchessmx"]
[WhiteElo "2461"]
[BlackElo "2323"]
[Result "1-0"]
[Round "10"]
[TimeControl "180+2"]
[Date "2023.05.30"]
[WhiteClock "0:00:32"]
[BlackClock "0:01:05"]

1. d4 Nf6 2. c4 e6 3. Nf3 c5 4. d5 b5 5. Nc3 b4 6. Nb1 exd5 7. cxd5 d6 8. Bg5 Be7 9. Nbd2 Nxd5 10. Nc4 Nf6 11. Bxf6 d5 12. Bxe7 Kxe7 13. Ne3 d4 14. Nc4 Re8 15. e3 Kf8 16. Be2 dxe3 17. Nxe3 Qb6 18. O-O a5 19. Nc4 Qf6 20. Re1 Ra6 21. Bf1 Rd8 22. Qc2 Bf5 23. Qc1 a4 24. Qg5 Qxg5 25. Nxg5 Ra7 26. Rad1 Nc6 27. Rxd8+ Nxd8 28. Nd6 Be6 29. Bc4 Ke7 30. Nc8+ 1-0


[Site "https://www.chess.com"]

[Event "Titled Tuesday Blitz May 30 Early 2023"]
[White "Grave, Jacob Templen"]
[Black "Jiganchine, Roman"]
[WhiteFideId "1542656"]
[BlackFideId "2603667"]
[WhiteElo "2189"]
[BlackElo "2320"]
[Result "1-0"]
[Round "10"]
[TimeControl "180+2"]
[Date "2023.05.30"]
[WhiteClock "0:00:12"]
[BlackClock "0:00:21"]

1. e4 c6 2. d4 d5 3. exd5 cxd5 4. Bd3 Nc6 5. c3 Nf6 6. Bf4 Bg4 7. Qb3 Qc8 8. Nd2 e6 9. Ngf3 Be7 10. O-O O-O 11. Rae1 Bh5 12. Ne5 Nxe5 13. Bxe5 Bg6 14. Bxg6 hxg6 15. Qb5 a6 16. Qd3 b5 17. a3 Qc6 18. Nf3 Ne4 19. g3 Qc4 20. Qe3 a5 21. h4 b4 22. axb4 axb4 23. Nd2 Nxd2 24. Qxd2 bxc3 25. bxc3 Ra2 26. Qe3 Rc2 27. Rc1 Re2 28. Qf3 Rc8 29. Kg2 Qa2 30. h5 gxh5 31. Qxh5 Qd2 32. Qf3 Re4 33. Rh1 Qe2 34. Rh8+ Kxh8 35. Qxf7 Rg4 36. Rh1+ Bh4 37. Rxh4+ Rxh4 38. Qxg7# 1-0


[Site "https://www.chess.com"]

[Event "Titled Tuesday Blitz May 30 Early 2023"]
[White "Gurevich, Dmitry"]
[Black "Blokhin, Sofia"]
[WhiteFideId "2000407"]
[BlackFideId "4508190"]
[WhiteElo "2506"]
[BlackElo "1994"]
[Result "1-0"]
[Round "10"]
[TimeControl "180+2"]
[Date "2023.05.30"]
[WhiteClock "0:00:44"]
[BlackClock "0:00:25"]

1. Nf3 g6 2. c4 Bg7 3. d4 f5 4. h3 Nf6 5. g4 d6 6. g5 Ne4 7. Nc3 O-O 8. Qc2 Nxc3 9. bxc3 b6 10. h4 Bb7 11. Bg2 e5 12. h5 exd4 13. cxd4 c5 14. hxg6 hxg6 15. Bf4 cxd4 16. Rd1 Be4 17. Qb3 Nc6 18. c5+ d5 19. cxb6 axb6 20. Kf1 Na5 21. Qb5 Nc4 22. Nxd4 Bxd4 23. Rxd4 Rxa2 24. Bxe4 fxe4 25. Rxd5 Qc8 26. Rd7 Rxf4 27. Qd5+ Kf8 28. Rh8# 1-0


[Site "https://www.chess.com"]

[Event "Titled Tuesday Blitz May 30 Early 2023"]
[White "Pg, Mohd Omar Ak Hira"]
[Black "Erzhanov, Arman"]
[WhiteFideId "10500103"]
[BlackFideId "4138821"]
[WhiteElo "2167"]
[BlackElo "2138"]
[Result "0-1"]
[Round "10"]
[TimeControl "180+2"]
[Date "2023.05.30"]
[WhiteClock "0:00:06"]
[BlackClock "0:00:16"]

1. e4 c5 2. Nf3 Nc6 3. d4 cxd4 4. Nxd4 Nf6 5. Nc3 e5 6. Nf3 Bb4 7. Bd3 d5 8. exd5 Nxd5 9. Bd2 Bxc3 10. bxc3 O-O 11. O-O f6 12. h3 Be6 13. Re1 Rc8 14. Qe2 Nde7 15. Be3 b6 16. c4 Na5 17. c5 bxc5 18. Bd2 Nac6 19. Qe4 g6 20. Nh4 Nf5 21. Nxf5 gxf5 22. Qh4 e4 23. Bh6 Rf7 24. Be2 Ne5 25. Bh5 Rfc7 26. Rad1 Qe7 27. Qg3+ Kh8 28. Bf4 Rg8 29. Qc3 Bxa2 30. Ra1 Bd5 31. Ra6 Rc6 32. Ra5 Ng6 33. Bg5 Qe5 34. Qxe5 Nxe5 35. Bf4 Rg7 36. Rd1 Bg8 37. Be3 Rgc7 38. Rd8 Rc8 39. Rd1 R6c7 40. Rd6 Nc4 41. Rda6 Nxa5 42. Rxa5 Kg7 43. c3 Be6 44. Ra6 Bf7 45. Rd6 Bxh5 0-1


[Site "https://www.chess.com"]

[Event "Titled Tuesday Blitz May 30 Early 2023"]
[White "Dinu, Dumitru-Daniel"]
[Black "Samaganova, Aleksandra"]
[WhiteFideId "1208403"]
[BlackFideId "13800221"]
[WhiteElo "2240"]
[BlackElo "1858"]
[Result "1-0"]
[Round "10"]
[TimeControl "180+2"]
[Date "2023.05.30"]
[WhiteClock "0:00:10"]
[BlackClock "0:00:02"]

1. e4 c5 2. b3 e6 3. Bb2 Nc6 4. f4 Nf6 5. d3 d5 6. e5 Nd7 7. Nf3 Be7 8. Be2 O-O 9. O-O Rb8 10. a4 a6 11. Nbd2 g6 12. Qe1 b5 13. axb5 axb5 14. g4 c4 15. dxc4 bxc4 16. f5 exf5 17. gxf5 Re8 18. Kh1 Bf8 19. Qg3 Bg7 20. f6 Bf8 21. Nxc4 d4 22. Bd3 Nc5 23. Rad1 Nxd3 24. Rxd3 Bf5 25. Rd2 Qc7 26. e6 Qxg3 27. exf7+ Kxf7 28. hxg3 d3 29. Ng5+ Kg8 30. f7# 1-0


[Site "https://www.chess.com"]

[Event "Titled Tuesday Blitz May 30 Early 2023"]
[White "Kuznetsov, Mikhail"]
[Black "rionelG"]
[WhiteFideId "4117190"]
[WhiteElo "1981"]
[BlackElo "2148"]
[Result "0-1"]
[Round "10"]
[TimeControl "180+2"]
[Date "2023.05.30"]
[WhiteClock "0:00:13"]
[BlackClock "0:00:11"]

1. d4 Nf6 2. Nf3 g6 3. g3 Bg7 4. Bg2 O-O 5. O-O d6 6. c4 Nc6 7. Nc3 a6 8. b3 Rb8 9. Bb2 b5 10. cxb5 axb5 11. Rc1 b4 12. Na4 Na5 13. e3 Nd7 14. Nd2 c5 15. dxc5 Bxb2 16. Nxb2 Nxc5 17. Nbc4 Bb7 18. Bxb7 Rxb7 19. Qe2 Ra7 20. Rfd1 Nxc4 21. Nxc4 Qa8 22. Rc2 Qb7 23. f3 Rfa8 24. e4 Ra6 25. Ne3 Qa7 26. Rdd2 e5 27. Kg2 Ne6 28. Nd5 Nd4 29. Rxd4 exd4 30. Nxb4 Ra5 31. Nc6 Qa6 32. Nxa5 d3 33. Qd2 dxc2 34. Nc4 Qxa2 35. Kh3 Qb1 36. Qd5 Rf8 37. Na3 c1=Q 38. Nxb1 Qxb1 39. Kg4 Rb8 40. Kg5 Qxb3 41. Qxd6 Qb5+ 42. e5 Re8 43. f4 Qe2 44. g4 Qxh2 45. f5 h6+ 46. Kf6 Qh4+ 47. g5 Qxg5# 0-1


[Site "https://www.chess.com"]

[Event "Titled Tuesday Blitz May 30 Early 2023"]
[White "Alexikov, Alexander"]
[Black "Weishaeutel, Moritz"]
[WhiteFideId "14103958"]
[BlackFideId "12967300"]
[WhiteElo "2186"]
[BlackElo "2301"]
[Result "1/2-1/2"]
[Round "10"]
[TimeControl "180+2"]
[Date "2023.05.30"]
[WhiteClock "0:00:37"]
[BlackClock "0:00:25"]

1. e4 e5 2. Nf3 Nf6 3. d4 Nxe4 4. Bd3 d5 5. Nxe5 Nd7 6. Nxd7 Bxd7 7. O-O Bd6 8. Nc3 Nxc3 9. bxc3 O-O 10. Qh5 g6 11. Qxd5 Bc6 12. Qg5 Qd7 13. Bf4 f6 14. Qg3 Bxf4 15. Qxf4 Rae8 16. Bc4+ Kg7 17. Rfe1 Re7 18. Re3 Rxe3 19. fxe3 Re8 20. Rf1 Qe7 21. Kh1 f5 22. Re1 Qe4 23. Qxe4 Bxe4 24. Bd3 Bc6 25. c4 f4 26. e4 g5 27. Kg1 Rd8 28. d5 Ba4 29. e5 b5 30. Kf2 bxc4 31. Bxc4 Bxc2 32. Kf3 Bf5 33. h4 h6 34. hxg5 hxg5 35. g3 fxg3 36. Kxg3 Re8 37. a4 a5 38. Bb5 Re7 39. Bc6 Kg6 40. Bb5 Bd7 41. Bxd7 Rxd7 42. e6 Re7 43. Rc1 Kf6 44. Rf1+ Ke5 45. Rf7 Kd6 46. Kg4 c6 47. dxc6 Kxe6 48. Rxe7+ Kxe7 49. Kxg5 Kd6 50. Kf4 Kxc6 51. Ke4 Kc5 52. Kd3 Kb4 53. Kc2 Kxa4 54. Kb2 Kb4 55. Ka2 Ka4 56. Kb2 Kb5 57. Ka2 a4 58. Kb2 Ka5 59. Ka2 Kb4 60. Kb2 a3+ 61. Ka2 Ka4 62. Ka1 Kb3 63. Kb1 Kc3 64. Ka1 Kb4 65. Kb1 Kb3 66. Ka1 a2 1/2-1/2


[Site "https://www.chess.com"]

[Event "Titled Tuesday Blitz May 30 Early 2023"]
[White "KorolDimitriy75"]
[Black "Ambartsumova, Karina"]
[BlackFideId "4166299"]
[WhiteElo "2412"]
[BlackElo "2240"]
[Result "1/2-1/2"]
[Round "10"]
[TimeControl "180+2"]
[Date "2023.05.30"]
[WhiteClock "0:00:06"]
[BlackClock "0:00:30"]

1. d4 Nf6 2. c4 g6 3. Nc3 Bg7 4. e4 O-O 5. Nf3 d6 6. Be2 a6 7. O-O c6 8. a4 a5 9. Re1 Na6 10. Bg5 h6 11. Bh4 Nb4 12. Rc1 Nd7 13. h3 Re8 14. Qd2 Qc7 15. Bf1 e5 16. d5 Nc5 17. Rcd1 Nb3 18. Qe2 f5 19. exf5 gxf5 20. Nd2 Nd4 21. Qh5 Nbc2 22. Qxe8+ Kh7 23. Bd8 Qd7 24. Qxd7 Bxd7 25. Be7 Nxe1 26. Rxe1 Bf8 27. Bxf8 Rxf8 28. Nf3 Nc2 29. Rd1 e4 30. Nd4 Nb4 31. dxc6 bxc6 32. Nde2 Rf6 33. Nf4 Kg8 34. g3 Kf8 35. Rd2 Ke7 36. h4 Rf7 37. Be2 Rg7 38. Kh2 Rg8 39. Bh5 Rb8 40. Ng6+ Ke6 41. Ne2 d5 42. Ngf4+ Kd6 43. cxd5 cxd5 44. Nd4 Bxa4 45. Nxf5+ Ke5 46. Nd4 Rc8 47. Ng6+ Kf6 48. Nf4 Ke5 49. Ng6+ Kf6 50. Nf4 Ke5 1/2-1/2


[Site "https://www.chess.com"]

[Event "Titled Tuesday Blitz May 30 Early 2023"]
[White "Manukian, Artak"]
[Black "Sharapov, Evgeny"]
[WhiteFideId "13301373"]
[BlackFideId "14103133"]
[WhiteElo "2130"]
[BlackElo "2367"]
[Result "1-0"]
[Round "10"]
[TimeControl "180+2"]
[Date "2023.05.30"]
[WhiteClock "0:00:03"]
[BlackClock "0:00:00"]

1. e4 c5 2. Nf3 d6 3. d4 cxd4 4. Nxd4 Nf6 5. f3 e6 6. c4 Be7 7. Nc3 O-O 8. Bg5 Nbd7 9. Nb3 a6 10. Qd2 b6 11. Nd4 Bb7 12. O-O-O Qc7 13. Kb1 Ne5 14. b3 Rfc8 15. Nde2 b5 16. cxb5 axb5 17. Nxb5 Qb6 18. a4 d5 19. Be3 Bc5 20. Bxc5 Rxc5 21. Nec3 dxe4 22. Qd6 Qxd6 23. Rxd6 exf3 24. gxf3 Bxf3 25. Rg1 Ne4 26. Nxe4 Bxe4+ 27. Kb2 Rc2+ 28. Ka3 Rxh2 29. Nc7 Rb8 30. Bb5 Nf3 31. Rgd1 h5 32. Rd8+ Rxd8 33. Rxd8+ Kh7 34. a5 h4 35. a6 h3 36. a7 Ne5 37. Nd5 Bxd5 38. Rxd5 exd5 39. a8=Q Rd2 40. Qc8 h2 41. Qh3+ Kg8 42. Qc8+ Kh7 43. Qf5+ g6 44. Qh3+ Kg7 45. Bf1 Rf2 46. Bg2 Nd3 47. Qxd3 Rxg2 48. Qh3 1-0


[Site "https://www.chess.com"]

[Event "Titled Tuesday Blitz May 30 Early 2023"]
[White "Gatterer, Florian"]
[Black "Lehtosaari, Mauri"]
[WhiteFideId "811688"]
[BlackFideId "501999"]
[WhiteElo "2221"]
[BlackElo "2506"]
[Result "0-1"]
[Round "10"]
[TimeControl "180+2"]
[Date "2023.05.30"]
[WhiteClock "0:00:00"]
[BlackClock "0:01:10"]

1. f4 d5 2. Nf3 Nf6 3. g3 Bf5 4. Bg2 e6 5. O-O Be7 6. d3 h6 7. c4 c6 8. Qb3 Qb6+ 9. Qxb6 axb6 10. Nc3 O-O 11. Ne5 Nbd7 12. Nxd7 Nxd7 13. e4 dxe4 14. dxe4 Bh7 15. Be3 Bc5 16. Kf2 Rfd8 17. Rfd1 Bxe3+ 18. Kxe3 Nc5 19. Rxd8+ Rxd8 20. Rd1 Rxd1 21. Nxd1 Kf8 22. Nc3 Ke7 23. b4 Nd7 24. b5 Kd6 25. Kd4 e5+ 26. Kd3 Nc5+ 27. Ke3 f6 28. Bh3 Bg8 29. Bf1 Bf7 30. Be2 Ne6 31. Na4 Kc7 32. Bg4 Nd4 33. Bd1 Bxc4 34. bxc6 bxc6 35. Nc3 b5 0-1


[Site "https://www.chess.com"]

[Event "Titled Tuesday Blitz May 30 Early 2023"]
[White "Baches Garcia, Guillermo"]
[Black "Schuh, Karsten"]
[WhiteFideId "2209764"]
[BlackFideId "4637950"]
[WhiteElo "2502"]
[BlackElo "2138"]
[Result "1-0"]
[Round "10"]
[TimeControl "180+2"]
[Date "2023.05.30"]
[WhiteClock "0:00:32"]
[BlackClock "0:00:03"]

1. e4 c5 2. Nf3 Nc6 3. d4 cxd4 4. Nxd4 Qc7 5. Nc3 e6 6. Be3 a6 7. g4 Bb4 8. Nxc6 bxc6 9. Qd4 Bf8 10. g5 e5 11. Qd2 Rb8 12. O-O-O Bb4 13. a3 Be7 14. Bc4 d6 15. f4 Qa5 16. fxe5 dxe5 17. Rhf1 f6 18. Bb3 Bg4 19. Rde1 h6 20. Qg2 h5 21. h3 Bxa3 22. Bd2 Rxb3 23. cxb3 Bb4 24. hxg4 hxg4 25. Qxg4 Ne7 26. gxf6 gxf6 27. Rxf6 Qa1+ 28. Kc2 Qa5 29. Qe6 Bxc3 30. Bxc3 Rh2+ 31. Kb1 Qb5 32. Ref1 Qd3+ 33. Ka2 Qxc3 34. Rf8# 1-0


[Site "https://www.chess.com"]

[Event "Titled Tuesday Blitz May 30 Early 2023"]
[White "Ljukin, Sergei"]
[Black "Zenin, Dmitry"]
[WhiteFideId "14102200"]
[BlackFideId "4127897"]
[WhiteElo "2312"]
[BlackElo "2215"]
[Result "1-0"]
[Round "10"]
[TimeControl "180+2"]
[Date "2023.05.30"]
[WhiteClock "0:01:47"]
[BlackClock "0:00:16"]

1. e4 e5 2. Nf3 Nc6 3. Bb5 a6 4. Ba4 Nf6 5. Qe2 b5 6. Bb3 Bc5 7. c3 O-O 8. d3 d6 9. Bg5 h6 10. Bh4 Be6 11. Bd5 Bxd5 12. exd5 Nb8 13. Nbd2 g5 14. Nxg5 Nxd5 15. Ngf3 Qd7 16. Ne4 f5 17. Nxc5 dxc5 18. Nxe5 Qg7 19. O-O Re8 20. d4 1-0


[Site "https://www.chess.com"]

[Event "Titled Tuesday Blitz May 30 Early 2023"]
[White "Matveeva, Olga"]
[Black "Jegorovas, Aleksandras"]
[WhiteFideId "24107018"]
[BlackFideId "12801950"]
[WhiteElo "2009"]
[BlackElo "2247"]
[Result "1-0"]
[Round "10"]
[TimeControl "180+2"]
[Date "2023.05.30"]
[WhiteClock "0:01:05"]
[BlackClock "0:00:45"]

1. d4 Nf6 2. c4 e6 3. g3 d5 4. Nf3 Be7 5. Bg2 O-O 6. O-O dxc4 7. Qc2 b6 8. Nbd2 Bb7 9. Nxc4 Nbd7 10. Rd1 Rc8 11. Qa4 a6 12. Nce5 b5 13. Qc2 c5 14. Nxd7 Nxd7 15. Ng5 Bxg5 16. Bxb7 Rc7 17. Bxg5 Qxg5 18. Bg2 c4 19. d5 exd5 20. Rxd5 Qe7 21. Rad1 Nf6 22. Rd6 a5 23. Qf5 Qxe2 24. Qxb5 h5 25. Qxa5 Re7 26. Rd8 Rxd8 27. Rxd8+ Kh7 28. Qf5+ 1-0


[Site "https://www.chess.com"]

[Event "Titled Tuesday Blitz May 30 Early 2023"]
[White "Omariev, Maksim"]
[Black "Dwilewicz, Katarzyna"]
[WhiteFideId "4193423"]
[BlackFideId "1148486"]
[WhiteElo "2464"]
[BlackElo "2065"]
[Result "1-0"]
[Round "10"]
[TimeControl "180+2"]
[Date "2023.05.30"]
[WhiteClock "0:00:04"]
[BlackClock "0:00:02"]

1. g4 d5 2. Bg2 c6 3. h3 e5 4. d4 e4 5. c4 Nf6 6. Nc3 Bb4 7. Bg5 h6 8. Bxf6 Qxf6 9. e3 O-O 10. Ne2 Be6 11. a3 Bd6 12. Qb3 Qd8 13. Qxb7 Nd7 14. Qxc6 Nf6 15. cxd5 Nxd5 16. Nxe4 Qa5+ 17. N2c3 Be7 18. O-O Rac8 19. Qb5 Qxb5 20. Nxb5 Rc2 21. Nxa7 Rxb2 22. Nc6 Bh4 23. a4 Bd7 24. Ne5 Bc8 25. a5 Ba6 26. Rfb1 Rfb8 27. Rxb2 Rxb2 28. Nf3 Be7 29. Nc5 Bxc5 30. dxc5 Rc2 31. Ne5 Rxc5 32. Nd7 Rb5 33. Bxd5 Rxd5 34. Nb6 Kf8 35. Nxd5 Ke8 36. Nb4 1-0


[Site "https://www.chess.com"]

[Event "Titled Tuesday Blitz May 30 Early 2023"]
[White "Novikova, Galina"]
[Black "Marn, Jan"]
[WhiteFideId "4157095"]
[BlackFideId "14619245"]
[WhiteElo "1953"]
[BlackElo "2242"]
[Result "0-1"]
[Round "10"]
[TimeControl "180+2"]
[Date "2023.05.30"]
[WhiteClock "0:00:28"]
[BlackClock "0:00:06"]

1. e4 e5 2. Nf3 Nc6 3. d4 exd4 4. Nxd4 Nf6 5. Nxc6 bxc6 6. Qe2 Bc5 7. Nc3 O-O 8. Bg5 h6 9. Bh4 Bd4 10. Qd3 Bxc3+ 11. Qxc3 Nxe4 12. Bxd8 Nxc3 13. Bxc7 Re8+ 14. Kd2 Ne4+ 15. Ke3 Ng3+ 16. Kf3 Nxh1 17. Bd3 Nxf2 18. Kxf2 d5 19. h3 c5 20. Bb5 Re7 21. Bd6 Re6 22. Bxc5 Rb8 23. Ba4 Rxb2 24. Bb3 Re4 25. Bxa7 Ba6 26. Bc5 Bc4 27. Ba3 Rxc2+ 28. Bxc2 Re2+ 29. Kf3 Rxc2 30. Bd6 Bxa2 31. Re1 d4 32. g3 Bd5+ 33. Kf4 f6 34. Bb4 Rf2+ 35. Kg4 Bf3+ 36. Kf4 Bg2+ 37. Kg4 f5+ 38. Kh4 Bf3 39. Re8+ Kf7 40. Re7+ Kf6 41. g4 g5+ 42. Kh5 Rh2 43. Kxh6 Rxh3# 0-1


[Site "https://www.chess.com"]

[Event "Titled Tuesday Blitz May 30 Early 2023"]
[White "Herman, Daniel"]
[Black "Llanos, Guillermo"]
[WhiteFideId "30935008"]
[BlackFideId "100358"]
[WhiteElo "1897"]
[BlackElo "2225"]
[Result "0-1"]
[Round "10"]
[TimeControl "180+2"]
[Date "2023.05.30"]
[WhiteClock "0:00:17"]
[BlackClock "0:00:48"]

1. c4 f5 2. g3 Nf6 3. Bg2 e6 4. Nc3 Be7 5. d4 O-O 6. Nh3 d6 7. Nf4 c6 8. O-O e5 9. Nh3 Qe8 10. c5 exd4 11. cxd6 Bxd6 12. Qxd4 Be5 13. Qb4 Na6 14. Qb3+ Kh8 15. Ng5 Nc5 16. Qc4 b6 17. Be3 Ba6 18. Qh4 Ne6 19. Nxe6 Qxe6 20. Rfd1 Rad8 21. Qa4 Bxc3 22. Rxd8 Rxd8 23. bxc3 Bb5 24. Qxa7 c5 25. Bf4 Qxe2 26. Qxb6 Rd1+ 27. Rxd1 Qxd1+ 28. Bf1 Qxf1# 0-1


[Site "https://www.chess.com"]

[Event "Titled Tuesday Blitz May 30 Early 2023"]
[White "Srdanovic, Jovana"]
[Black "Ziatdinov, Raset"]
[WhiteFideId "954810"]
[BlackFideId "2015323"]
[WhiteElo "2169"]
[BlackElo "2220"]
[Result "1-0"]
[Round "10"]
[TimeControl "180+2"]
[Date "2023.05.30"]
[WhiteClock "0:01:37"]
[BlackClock "0:02:11"]

1. d4 Nf6 2. c4 g6 3. Nc3 Bg7 4. e4 d6 5. h3 O-O 6. Be3 Nc6 7. Bd3 e5 8. d5 Ne7 9. Nge2 Nh5 10. g4 Nf4 11. Nxf4 exf4 12. Bxf4 f5 13. gxf5 gxf5 14. Bg5 fxe4 15. Bxe4 Bf5 16. Qc2 Qe8 17. O-O-O Bxe4 18. Nxe4 Nf5 19. Rhg1 Nd4 20. Rxd4 Bxd4 21. Bf6+ Kf7 22. Rg7# 1-0


[Site "https://www.chess.com"]

[Event "Titled Tuesday Blitz May 30 Early 2023"]
[White "Bashkansky, Ethan"]
[Black "Lorparizangeneh, Shahin"]
[WhiteFideId "2071533"]
[BlackFideId "12521604"]
[WhiteElo "2329"]
[BlackElo "2526"]
[Result "0-1"]
[Round "10"]
[TimeControl "180+2"]
[Date "2023.05.30"]
[WhiteClock "0:00:08"]
[BlackClock "0:00:24"]

1. d4 d5 2. c4 e6 3. Nc3 a6 4. Nf3 dxc4 5. a4 Nc6 6. e3 Na5 7. Nd2 Bb4 8. Nxc4 c5 9. dxc5 Qxd1+ 10. Kxd1 Nb3 11. Ra2 Nf6 12. Bd3 Ke7 13. Ne4 Nxe4 14. Bxe4 Nxc5 15. Bf3 Bd7 16. Nb6 Rad8 17. Ke2 Be8 18. Rd1 Nxa4 19. Rxd8 Bb5+ 20. Rd3 Nxb6 21. Bd2 Bxd2 22. Kxd2 Bxd3 23. Kxd3 Rd8+ 24. Kc3 Nd5+ 25. Bxd5 Rxd5 26. b3 g5 27. h3 h5 28. Re2 g4 29. hxg4 hxg4 30. e4 Rd1 31. f3 g3 32. e5 Rf1 33. Kd4 Rf2 34. Ke3 Rxe2+ 35. Kxe2 a5 36. f4 b5 37. Kd3 Kd7 38. Kd4 Kc6 39. Ke4 Kc5 40. Kd3 Kb4 41. Kc2 a4 42. bxa4 bxa4 43. Kb2 Kc4 44. Ka3 Kd4 45. Kxa4 Ke4 46. Kb3 Kxf4 47. Kc2 Ke3 48. Kd1 Kf2 49. Kd2 Kxg2 50. Ke2 Kh2 0-1


[Site "https://www.chess.com"]